 Dungeon Crawl Stone Soup version 0.29-a0-617-g7a6b98fccd (webtiles) character file.

Game seed: 12301152485499682719

95 Kaemin the Digger (level 4, 0/29 HPs)
             Began as a Draconian Earth Elementalist on June 18, 2022.
             Was a Believer of Hepliaklqana.
             Slain by a gnoll
             ... wielding a +0 spear
              (1 damage)
             ... on level 3 of the Dungeon.
             The game lasted 00:18:05 (1981 turns).

Kaemin the Digger (Draconian Earth Elementalist)    Turns: 1981, Time: 00:18:06

Health: 0/29       AC:  5    Str:  9    XL:     4   Next: 40%
Magic:  5/7        EV: 12    Int: 17    God:    Hepliaklqana [**....]
Gold:   124        SH:  0    Dex: 15    Spells: 3/9 levels left

rFire   + . .      SeeInvis .   m - staff of fire
rCold   . . .      Faith    .   (no shield)
rNeg    . . .      Spirit   .   (body armour unavailable)
rPois   .          Reflect  .   (helmet restricted)
rElec   .          Harm     .   (no cloak)
rCorr   +          Rampage  .   (no gloves)
Will    .....                   (no boots)
Stlth   ++........              (no amulet)
HPRegen 0.09/turn               c - ring of resist corrosion
MPRegen 0.10/turn               (no ring)

@: no status effects
A: reduced essence, AC +5, unfitting armour, cold-blooded, horns 1, agile 1, low
MP 1
a: Renounce Religion, Ancestor Life: Knight, Ancestor Life: Battlemage, Ancestor
Life: Hexer, Recall Ancestor, Ancestor Identity


You were on level 3 of the Dungeon.
You worshipped Hepliaklqana.
Hepliaklqana was pleased with you.
You visited 1 branch of the dungeon, and saw 3 of its levels.

You collected 124 gold pieces.

Inventory:

Hand Weapons
 d - a +0 whip
 f - a +0 hand axe
 h - a +0 spear
 i - a +0 short sword
Armour
 l - a +0 ring mail
 t - a +0 barding
Magical Staves
 m - a staff of fire (weapon)
Jewellery
 c - a ring of resist corrosion (left hand)
Scrolls
 b - 2 scrolls of noise {unknown}
 g - 4 scrolls of identify {unknown}
 j - a scroll of fear {unknown}
 k - a scroll of teleportation {unknown}
 n - a scroll of enchant weapon {unknown}
 q - a scroll of immolation {unknown}
 r - a scroll of magic mapping {unknown}
 s - a scroll of enchant armour {unknown}
Potions
 a - a potion of magic
 e - a potion of curing
 o - a potion of flight {unknown}
 p - a potion of attraction {unknown}


   Skills:
 + Level 0.1(0.2) Polearms
 + Level 0.1(0.2) Staves
 + Level 2.1 Dodging
 + Level 2.1 Stealth
 + Level 0.4 Unarmed Combat
 + Level 3.0 Spellcasting
 + Level 1.0 Transmutations
 + Level 4.0 Earth Magic


You had 3 spell levels left.
You knew the following spells:

 Your Spells              Type           Power      Damage    Failure   Level
a - Sandblast             Erth           32%        2d9       3%          1
b - Passwall              Tmut/Erth      9%         N/A       10%         2
c - Ozocubu's Armour      Ice            2%         N/A       45%         3

Your spell library contained the following spells:

 Spells                   Type           Power      Damage    Failure   Level
 Stone Arrow              Conj/Erth      18%        3d8       22%         3
 Petrify                  Tmut/Erth      11%        N/A       52%         4
 Metabolic Englaciation   Hex/Ice        1%         N/A       99%         5
 Simulacrum               Ice/Necr       1%         N/A       100%        6


Dungeon Overview and Level Annotations

Branches:
Dungeon (3/15)

Altars:
Hepliaklqana


Innate Abilities, Weirdness & Mutations

Your life essence is reduced to manifest your ancestor. (-10% HP)
Your plain brown scales are hard. (AC +5)
You cannot fit into any form of body armour.
You are cold-blooded and may be slowed by cold attacks.
You have a pair of small horns on your head.
You are agile. (Dex +4, Int/Str-1)
Your magical capacity is low. (-10% MP)


Message History

You escape the ball python's grasp.
The ball python attacks as you move away!
The ball python bites you.
The ball python attacks as you move away!
The ball python barely misses you. x2; The ball python misses you.
The ball python barely misses you.
The ball python attacks as you move away!
The ball python bites you.
* * * LOW HITPOINT WARNING * * *
You are too injured to fight recklessly!
Casting: Sandblast (safe; 3% risk of failure)
Confirm with . or Enter, or press ? or * to list all spells.
Aiming: Sandblast (safe; 3% risk of failure)
Press: ? - help, Shift-Dir - straight line, f - ball python
Aim: a ball python (77% to hit)
The blast of sand hits the ball python.
You kill the ball python!
The gnoll misses you. The gnoll closely misses you.
The gnoll hits you from afar with a +0 spear.
* * * LOW HITPOINT WARNING * * *
Tochtli emerges from the mists of memory!
The gnoll hits Tochtli with a +0 spear.
Tochtli barely misses the gnoll.
Casting: Sandblast (safe; 3% risk of failure)
Confirm with . or Enter, or press ? or * to list all spells.
Aiming: Sandblast (safe; 3% risk of failure)
Press: ? - help, Shift-Dir - straight line, f - gnoll
Aim: a gnoll, wielding a +0 halberd (82% to hit)
Tochtli avoids your attack.
The blast of sand hits the gnoll!
The gnoll is almost dead.
The gnoll hits Tochtli with a +0 halberd.
The gnoll hits Tochtli with a +0 spear!
Tochtli is destroyed!
The gnoll barely misses you. The gnoll misses you.
The gnoll closely misses you.
You closely miss the gnoll. You tail-slap the gnoll.
The gnoll is lightly wounded.
The gnoll hits you from afar with a +0 halberd.
* * * LOW HITPOINT WARNING * * *
The gnoll hits you with a +0 spear.
You die...

.........................#
...........g.............#
...#.....................#
........###.###.#........#
.....#### #..##...########
.....# ###.##..## .....#
#.....gg# .....#
#..#†###g# ...#.#
#.##.###@######### ...#...
#. #.............#
...####.# ##............#
....# ###............#
.....# #..............#
...#..# #.#............#
.>.##.. #...#..........#
.... . ...#####...######
..... .#. ##...#


You could see 3 gnolls.

Vanquished Creatures
  A gnoll (D:3)
  3 adders
  2 worms (D:2)
  An orc (D:3)
  5 ball pythons
  5 endoplasms
  2 giant cockroaches
  2 goblins
  6 hobgoblins
  2 kobolds (D:1)
  6 bats
  5 frilled lizards
  6 rats
46 creatures vanquished.

Vanquished Creatures (collateral kills)
  An orc (D:3)
  A giant cockroach (D:2)
  A kobold (D:2)
3 creatures vanquished.

Vanquished Creatures (others)
  3 ancestors
3 creatures vanquished.

Grand Total: 52 creatures vanquished

Notes
Turn   | Place    | Note
-------+----------+-------------------------------------------
     0 | D:1      | Kaemin the Draconian Earth Elementalist began the quest for
                  | the Orb.
     0 | D:1      | Reached XP level 1. HP: 14/14 MP: 3/3
   196 | D:1      | Gained mutation: Your magical capacity is low. (-10% MP)
                  | [potion of mutation]
   196 | D:1      | Gained mutation: You are agile. (Dex +4, Int/Str-1) [potion
                  | of mutation]
   196 | D:1      | Gained mutation: You have a pair of small horns on your
                  | head. [potion of mutation]
   257 | D:1      | Reached XP level 2. HP: 20/20 MP: 2/4
   680 | D:2      | Reached XP level 3. HP: 26/26 MP: 3/6
   683 | D:2      | Found a faded altar of an unknown god.
   691 | D:2      | Prayed at the altar of an unknown god.
   691 | D:2      | Became a worshipper of Hepliaklqana the Forgotten
   691 | D:2      | Reached * piety under Hepliaklqana
   695 | D:2      | Learned a level 2 spell: Passwall
   723 | D:2      | Learned a level 3 spell: Ozocubu's Armour
  1267 | D:2      | Reached ** piety under Hepliaklqana
  1794 | D:3      | Reached XP level 4. HP: 27/29 MP: 4/7
  1929 | D:3      | Reached skill level 4 in Earth Magic
  1981 | D:3      | HP: 1/29 [gnoll/+0 halberd (5)]
  1981 | D:3      | Slain by a gnoll

Illustrated notes

Levels and vault maps discovered:
D:1:      scummos_arrival_forest, layout_loops_ring, grunt_decor_cap,
          hex_medium, corexii_item_surrounded_by_moat
D:2:      layout_basic, hellmonk_ecumenical_altar_slurped_away
D:3:      layout_rooms, minmay_close_crescents

Skill      XL: |  1  2  3  4 |
---------------+-------------+-----
Dodging        | 2 |  2.1
Stealth        | 2 |  2.1
Spellcasting   | 3 |  3.0
Earth Magic    | 4 |  4.0
Polearms       | |  0.1
Staves         | |  0.1
Unarmed Combat | |  0.4
Transmutations | |  1.0

Action                   |  1- 3 |  4- 6 || total
-------------------------+-------+-------++-------
Melee: Unarmed           |    20 |       ||    20
       Tailslap          |     9 |     4 ||    13
       Spear             |    13 |       ||    13
       Headbutt          |    10 |     2 ||    12
       Staff             |    22 |     7 ||    29
       Punch             |     1 |       ||     1
Throw: Throwing net      |     1 |       ||     1
 Cast: Sandblast         |    47 |    10 ||    57
       Ozocubu's Armour  |       |     1 ||     1
  Use: Potion            |     3 |       ||     3
 Stab: Sleeping          |     3 |       ||     3
       Held in net/web   |     1 |       ||     1
Armor: Skin              |    33 |     2 ||    35
Dodge: Dodged            |    41 |    29 ||    70

Table legend: (Time is in decaauts)
 A = Elapsed time spent in this place.
 B = Non-inter-level travel time spent in this place.
 C = Inter-level travel time spent in this place.
 D = Time resting spent in this place.
 E = Time spent auto-exploring this place.
 F = Levels seen in this place.
 G = Mean time per level.
                   A        B        C        D        E       F      G
               +--------+--------+--------+--------+--------+-----+--------+
         Total |   2044 |   1170 |    874 |      0 |    735 |   3 |  681.3 |
       Dungeon |   2044 |   1170 |    874 |      0 |    735 |   3 |  681.3 |
               +--------+--------+--------+--------+--------+-----+--------+

Top non-repeatable levels by time:
     D:2: 1149 daAuts
     D:1: 658 daAuts
     D:3: 237 daAuts
